TOP OF THE 1ST |
Mississippi Rebels batting - Pitching for Wake Forest Demon Deacons : RHP Arthur Martínez
|
Pitching: RHP Arthur Martínez
|
|
Batting: RHB Lou Hammond
|
0-0: Ball 1-0: Ball 2-0: Called Strike 2-1: Ball 3-1: Foul Ball, location: 2F 3-2: Fly out, F8 (Flyball, 8RM)
|
Batting: RHB Simon Lee
|
0-0: Ball 1-0: Ball 2-0: Foul Ball, location: 2F 2-1: Ground out 1-3 (Groundball, 23)
|
Batting: LHB Roger Warren
|
0-0: Called Strike 0-1: Swinging Strike 0-2: Ball 1-2: Foul Ball, location: 2F 1-2: Strikes out looking
|
Top of the 1st over - 0 run(s), 0 hit(s), 0 error(s), 0 left on base; Mississippi 0 - Wake Forest 0 |
BOTTOM OF THE 1ST |
Wake Forest Demon Deacons batting - Pitching for Mississippi Rebels : RHP José Alvarado
|
Pitching: RHP José Alvarado
|
|
Batting: RHB Daniel Dillard
|
0-0: Fly out, F8 (Flyball, 8LM)
|
Batting: RHB Ed Hamilton
|
0-0: Called Strike 0-1: Foul Ball, location: 2F 0-2: Fly out, F7 (Flyball, 7M)
|
Batting: RHB Ronald Spencer
|
0-0: Called Strike 0-1: Ball 1-1: Ball 2-1: Foul Ball, location: 2F 2-2: Foul Ball, location: 2F 2-2: Fly out, F8 (Flyball, 8RM)
|
Bottom of the 1st over - 0 run(s), 0 hit(s), 0 error(s), 0 left on base; Mississippi 0 - Wake Forest 0 |
TOP OF THE 2ND |
Mississippi Rebels batting - Pitching for Wake Forest Demon Deacons : RHP Arthur Martínez
|
Batting: RHB Rafael Gonzáles
|
0-0: Ball 1-0: Called Strike 1-1: Swinging Strike 1-2: Ball 2-2: Foul Ball, location: 2F 2-2: Foul Ball, location: 2F 2-2: Ball 3-2: Base on Balls
|
Batting: RHB Willard Bader
|
0-0: Ball 1-0: Ball 2-0: Ball 3-0: Called Strike 3-1: Foul Ball, location: 2F 3-2: Fly out, F3 (Popup, 3L)
|
Batting: RHB José Rey
|
0-0: Ball 1-0: Foul Ball, location: 2F 1-1: Ball 2-1: Foul Ball, location: 2F 2-2: Foul Ball, location: 2F 2-2: Strikes out swinging
|
Batting: RHB Leonard Martínez
|
0-0: Ball Rafael Gonzáles steals 2nd base 1-0: Ball 2-0: Called Strike 2-1: Ball 3-1: Ground out 6-3 (Groundball, 6)
|
Top of the 2nd over - 0 run(s), 0 hit(s), 0 error(s), 1 left on base; Mississippi 0 - Wake Forest 0 |
BOTTOM OF THE 2ND |
Wake Forest Demon Deacons batting - Pitching for Mississippi Rebels : RHP José Alvarado
|
Batting: SHB Dave Bell
|
0-0: Ball 1-0: Called Strike 1-1: Ball 2-1: Ball 3-1: Swinging Strike 3-2: Foul Ball, location: 2F 3-2: Foul Ball, location: 2F 3-2: Foul Ball, location: 2F 3-2: Strikes out swinging
|
Batting: LHB Michael Edwards
|
0-0: Called Strike 0-1: Ball 1-1: Ball 2-1: Ground out 6-3 (Groundball, 6M)
|
Batting: LHB Barry Pierce
|
0-0: Ball 1-0: Foul Ball, location: 2F 1-1: Ball 2-1: Ball 3-1: Called Strike 3-2: Strikes out swinging
|
Bottom of the 2nd over - 0 run(s), 0 hit(s), 0 error(s), 0 left on base; Mississippi 0 - Wake Forest 0 |
TOP OF THE 3RD |
Mississippi Rebels batting - Pitching for Wake Forest Demon Deacons : RHP Arthur Martínez
|
Batting: RHB Bill Pike
|
0-0: Ball 1-0: Called Strike 1-1: Ground out 6-3 (Groundball, 6)
|
Batting: RHB John Eaves
|
0-0: Foul Ball, location: 2F 0-1: Ball 1-1: Called Strike 1-2: Strikes out swinging
|
Batting: RHB Lou Hammond
|
0-0: Ball 1-0: Called Strike 1-1: Foul Ball, location: 2F 1-2: Ball 2-2: Strikes out looking
|
Top of the 3rd over - 0 run(s), 0 hit(s), 0 error(s), 0 left on base; Mississippi 0 - Wake Forest 0 |
BOTTOM OF THE 3RD |
Wake Forest Demon Deacons batting - Pitching for Mississippi Rebels : RHP José Alvarado
|
Batting: RHB Andrew Ford
|
0-0: Ball 1-0: Foul Ball, location: 2F 1-1: Foul Ball, location: 2F 1-2: Strikes out swinging
|
Batting: RHB Leonard Conway
|
0-0: Ball Single, Error in OF, E8, batter to second base
|
Batting: RHB Wilbert Bernard
|
0-0: Ball 1-0: Ball 2-0: Foul Ball, location: 2F 2-1: Ball Throwing error on steal attempt, E2 Leonard Conway scores 3-1: Base on Balls
|
Batting: RHB Daniel Dillard
|
0-0: Swinging Strike 0-1: Fly out, F6 (Line Drive, 6)
|
Batting: RHB Ed Hamilton
|
0-0: Called Strike 0-1: SINGLE (Line Drive, 6MD) Wilbert Bernard to second
|
Batting: RHB Ronald Spencer
|
0-0: Ball 1-0: Swinging Strike 1-1: Ball 2-1: Ball 3-1: Called Strike 3-2: SINGLE (Groundball, 34) Wilbert Bernard to third Ed Hamilton to second Wilbert Bernard scores Ed Hamilton to third
|
Batting: SHB Dave Bell
|
0-0: Called Strike Throwing error on steal attempt, E2 Ed Hamilton scores Ronald Spencer to third 0-1: Ball 1-1: Ball 2-1: Foul Ball, location: 2F 2-2: Ball 3-2: SINGLE (Flyball, 7LS) Ronald Spencer scores
|
Batting: LHB Michael Edwards
|
0-0: Ground out U3 (Groundball, 3)
|
Bottom of the 3rd over - 4 run(s), 4 hit(s), 3 error(s), 1 left on base; Mississippi 0 - Wake Forest 4 |
TOP OF THE 4TH |
Mississippi Rebels batting - Pitching for Wake Forest Demon Deacons : RHP Arthur Martínez
|
Batting: RHB Simon Lee
|
0-0: Ground out 4-3 (Groundball, 4)
|
Batting: LHB Roger Warren
|
0-0: Called Strike 0-1: Ball 1-1: SINGLE (Line Drive, 4MD)
|
Batting: RHB Rafael Gonzáles
|
0-0: Ball 1-0: Swinging Strike 1-1: Ball 2-1: Swinging Strike 2-2: Ball 3-2: SINGLE (Groundball, 6) Roger Warren to second
|
Batting: RHB Willard Bader
|
0-0: Called Strike 0-1: Called Strike 0-2: Ball 1-2: Ball 2-2: Strikes out looking
|
Batting: RHB José Rey
|
0-0: Ball 1-0: Ball 2-0: Called Strike 2-1: Ball 3-1: Fly out, F3 (Popup, 3SF)
|
Top of the 4th over - 0 run(s), 2 hit(s), 0 error(s), 2 left on base; Mississippi 0 - Wake Forest 4 |
BOTTOM OF THE 4TH |
Wake Forest Demon Deacons batting - Pitching for Mississippi Rebels : RHP José Alvarado
|
Batting: LHB Barry Pierce
|
0-0: Ball 1-0: Swinging Strike 1-1: Ball 2-1: Foul Ball, location: 2F 2-2: Foul Ball, location: 2F 2-2: Strikes out swinging
|
Batting: RHB Andrew Ford
|
0-0: Foul Ball, location: 2F 0-1: Foul Ball, location: 2F 0-2: Strikes out looking
|
Batting: RHB Leonard Conway
|
0-0: Ball 1-0: Ball 2-0: Ball 3-0: Base on Balls
|
Batting: RHB Wilbert Bernard
|
0-0: Called Strike 0-1: Called Strike 0-2: Ball 1-2: Ground out 4-3 (Groundball, 34)
|
Bottom of the 4th over - 0 run(s), 0 hit(s), 0 error(s), 1 left on base; Mississippi 0 - Wake Forest 4 |
TOP OF THE 5TH |
Mississippi Rebels batting - Pitching for Wake Forest Demon Deacons : RHP Arthur Martínez
|
Batting: RHB Leonard Martínez
|
0-0: Foul Ball, location: 2F 0-1: Ball 1-1: Called Strike 1-2: Strikes out swinging
|
Batting: RHB Bill Pike
|
0-0: Foul Ball, location: 2F 0-1: Foul Ball, location: 2F 0-2: Ball 1-2: Ball 2-2: Ball 3-2: Foul Ball, location: 2F 3-2: Base on Balls
|
Pitching: RHP Ken Robinson
|
|
Batting: RHB John Eaves
|
0-0: Fielders Choice at 2nd, 5-4 (Groundball, 5L)
|
Batting: RHB Lou Hammond
|
0-0: Ball 1-0: Ball 2-0: Ball 3-0: Called Strike 3-1: Called Strike 3-2: Base on Balls John Eaves to second
|
Batting: RHB Simon Lee
|
0-0: Ball 1-0: Ground out 1-3 (Groundball, 23)
|
Top of the 5th over - 0 run(s), 0 hit(s), 0 error(s), 2 left on base; Mississippi 0 - Wake Forest 4 |
BOTTOM OF THE 5TH |
Wake Forest Demon Deacons batting - Pitching for Mississippi Rebels : RHP José Alvarado
|
Batting: RHB Daniel Dillard
|
0-0: Called Strike 0-1: SINGLE (Groundball, 56)
|
Batting: RHB Ed Hamilton
|
0-0: Ball Daniel Dillard steals 2nd base 1-0: Ball 2-0: Ball 3-0: Base on Balls
|
Pitching: RHP Justin Ángel
|
|
Batting: RHB Ronald Spencer
|
0-0: Ball 1-0: Foul Ball, location: 2F 1-1: Grounds into double play, 6-4-3 (Groundball, 6) Daniel Dillard to third
|
Batting: SHB Dave Bell
|
0-0: Ball 1-0: Ball 2-0: Ball Wild Pitch! Daniel Dillard scores 3-0: Base on Balls
|
Batting: LHB Michael Edwards
|
0-0: Ball 1-0: Called Strike 1-1: Swinging Strike 1-2: Ball 2-2: Ball Single, Error in OF, E9, batter to second base Dave Bell to third
|
Batting: LHB Barry Pierce
|
0-0: Called Strike 0-1: Ball 1-1: Foul Ball, location: 2F 1-2: Ball 2-2: Foul Ball, location: 2F 2-2: Ball 3-2: Base on Balls
|
Batting: RHB Andrew Ford
|
0-0: Called Strike 0-1: Called Strike 0-2: Ball 1-2: Ball 2-2: Strikes out swinging
|
Bottom of the 5th over - 1 run(s), 2 hit(s), 1 error(s), 3 left on base; Mississippi 0 - Wake Forest 5 |
TOP OF THE 6TH |
Mississippi Rebels batting - Pitching for Wake Forest Demon Deacons : RHP Ken Robinson
|
Batting: LHB Roger Warren
|
0-0: Ball 1-0: Ball 2-0: Ball 3-0: Called Strike 3-1: Ground out 4-3 (Groundball, 4)
|
Batting: RHB Rafael Gonzáles
|
0-0: SOLO HOME RUN (Flyball, 7D), Distance : 367 ft
|
Batting: RHB Willard Bader
|
0-0: Swinging Strike 0-1: Ball 1-1: Ball 2-1: Foul Ball, location: 2F 2-2: Ball 3-2: Base on Balls
|
Batting: RHB José Rey
|
0-0: Foul Ball, location: 2F 0-1: Foul Ball, location: 2F 0-2: Ball 1-2: Foul Ball, location: 2F 1-2: Ball 2-2: Ball 3-2: Fly out, F9 (Flyball, 89M)
|
Batting: RHB Leonard Martínez
|
0-0: Called Strike 0-1: Swinging Strike 0-2: Strikes out swinging
|
Top of the 6th over - 1 run(s), 1 hit(s), 0 error(s), 1 left on base; Mississippi 1 - Wake Forest 5 |
BOTTOM OF THE 6TH |
Wake Forest Demon Deacons batting - Pitching for Mississippi Rebels : RHP Justin Ángel
|
Batting: RHB Leonard Conway
|
0-0: Foul Ball, location: 2F 0-1: Ball 1-1: Ground out 5-3 (Groundball, 56)
|
Batting: RHB Wilbert Bernard
|
0-0: Ball 1-0: Swinging Strike 1-1: Ball 2-1: Foul Ball, location: 2F 2-2: Ball 3-2: Strikes out looking
|
Pitching: RHP Scott Wells
|
|
Batting: RHB Daniel Dillard
|
0-0: Ball 1-0: SINGLE (Groundball, 6MD)
|
Batting: RHB Ed Hamilton
|
0-0: Ball 1-0: Swinging Strike 1-1: Called Strike 1-2: Strikes out looking
|
Bottom of the 6th over - 0 run(s), 1 hit(s), 0 error(s), 1 left on base; Mississippi 1 - Wake Forest 5 |
TOP OF THE 7TH |
Mississippi Rebels batting - Pitching for Wake Forest Demon Deacons : RHP Ken Robinson
|
Batting: RHB Bill Pike
|
0-0: Ball 1-0: Foul Ball, location: 2F 1-1: Ball 2-1: Ball 3-1: Base on Balls
|
Pitching: LHP Mike Hill
|
|
Batting: RHB John Eaves
|
0-0: Fly out, F4 (Popup, 4MS)
|
Batting: RHB Lou Hammond
|
0-0: Called Strike 0-1: Called Strike 0-2: Foul Ball, location: 2F 0-2: Strikes out swinging
|
Batting: RHB Simon Lee
|
0-0: Called Strike 0-1: Swinging Strike 0-2: Foul Ball, location: 2F 0-2: Ground out 5-3 (Groundball, 56S)
|
Top of the 7th over - 0 run(s), 0 hit(s), 0 error(s), 1 left on base; Mississippi 1 - Wake Forest 5 |
BOTTOM OF THE 7TH |
Wake Forest Demon Deacons batting - Pitching for Mississippi Rebels : RHP Scott Wells
|
Batting: RHB Ronald Spencer
|
0-0: Swinging Strike 0-1: Ball 1-1: SINGLE (Groundball, 56D)
|
Batting: SHB Dave Bell
|
0-0: Called Strike 0-1: Ball 1-1: Called Strike 1-2: Strikes out swinging
|
Batting: LHB Michael Edwards
|
0-0: Ball 1-0: Called Strike 1-1: Called Strike 1-2: Ball 2-2: Strikes out swinging
|
Batting: LHB Barry Pierce
|
0-0: Called Strike 0-1: Fly out, F7 (Flyball, 7M)
|
Bottom of the 7th over - 0 run(s), 1 hit(s), 0 error(s), 1 left on base; Mississippi 1 - Wake Forest 5 |
TOP OF THE 8TH |
Mississippi Rebels batting - Pitching for Wake Forest Demon Deacons : LHP Mike Hill
|
Batting: LHB Roger Warren
|
0-0: Ball 1-0: Ball 2-0: Foul Ball, location: 2F 2-1: Ball 3-1: Called Strike 3-2: Base on Balls
|
Batting: RHB Rafael Gonzáles
|
0-0: Ball 1-0: Called Strike 1-1: SINGLE (Flyball, 4D) Roger Warren to second Runner from 2nd tries for 3rd, SAFE, throw made to third Rafael Gonzáles to second
|
Pitching: RHP James Wilkerson
|
|
Batting: RHB Willard Bader
|
0-0: Ball 1-0: Foul Ball, location: 2F 1-1: Ball 2-1: Ball 3-1: DOUBLE (Flyball, 7LM) Roger Warren scores Rafael Gonzáles scores
|
Batting: RHB José Rey
|
0-0: 2-RUN HOME RUN (Flyball, 7D), Distance : 349 ft
|
Pitching: RHP Vicente Pérez
|
|
Batting: RHB Leonard Martínez
|
0-0: Ball 1-0: Foul Ball, location: 2F 1-1: Ball 2-1: Ball 3-1: Base on Balls
|
Batting: RHB Bill Pike
|
0-0: Ball 1-0: Sac Bunt - play at first, batter OUT! 1-4 Leonard Martínez to second
|
Batting: RHB John Eaves
|
0-0: Called Strike 0-1: Called Strike 0-2: Fly out, F8 (Flyball, 8LM)
|
Batting: RHB Lou Hammond
|
0-0: Foul Ball, location: 2F 0-1: 2-RUN HOME RUN (Flyball, 78XD), Distance : 385 ft
|
Pitching: LHP Dan Brown
|
|
Batting: RHB Simon Lee
|
0-0: Ball 1-0: Ball 2-0: Ball 3-0: Base on Balls
|
Batting: LHB Roger Warren
|
0-0: Foul Ball, location: 2F 0-1: Swinging Strike 0-2: Ball 1-2: Foul Ball, location: 2F 1-2: Foul Ball, location: 2F 1-2: Ball 2-2: Strikes out swinging
|
Top of the 8th over - 6 run(s), 4 hit(s), 0 error(s), 1 left on base; Mississippi 7 - Wake Forest 5 |
BOTTOM OF THE 8TH |
Wake Forest Demon Deacons batting - Pitching for Mississippi Rebels : RHP Scott Wells
|
Batting: RHB Andrew Ford
|
0-0: Called Strike 0-1: SINGLE (Groundball, 6M)
|
Pitching: RHP Steve Bailey
|
|
Batting: RHB Leonard Conway
|
0-0: Ball 1-0: Called Strike 1-1: Called Strike 1-2: Ball 2-2: Grounds into double play, 4-6-3 (Groundball, 4)
|
Batting: RHB Wilbert Bernard
|
0-0: Ball 1-0: Called Strike 1-1: Ground out 4-3 (Groundball, 13)
|
Bottom of the 8th over - 0 run(s), 1 hit(s), 0 error(s), 0 left on base; Mississippi 7 - Wake Forest 5 |
TOP OF THE 9TH |
Mississippi Rebels batting - Pitching for Wake Forest Demon Deacons : LHP Dan Brown
|
Batting: RHB Rafael Gonzáles
|
0-0: Foul Ball, location: 2F 0-1: Foul Ball, location: 2F 0-2: Fly out, F5 (Line Drive, 56)
|
Batting: RHB Willard Bader
|
0-0: Called Strike 0-1: Fly out, F9 (Flyball, 9M)
|
Batting: RHB José Rey
|
0-0: Foul Ball, location: 2F 0-1: Called Strike 0-2: Strikes out swinging
|
Top of the 9th over - 0 run(s), 0 hit(s), 0 error(s), 0 left on base; Mississippi 7 - Wake Forest 5 |
BOTTOM OF THE 9TH |
Wake Forest Demon Deacons batting - Pitching for Mississippi Rebels : RHP Steve Bailey
|
Pitching: LHP Drew Murdoch
|
|
Batting: RHB Daniel Dillard
|
0-0: Ball 1-0: Foul Ball, location: 2F 1-1: Foul Ball, location: 2F 1-2: Ball 2-2: Ball 3-2: Base on Balls
|
Batting: RHB Ed Hamilton
|
0-0: Grounds into double play, 6-4-3 (Groundball, 6)
|
Batting: RHB Ronald Spencer
|
0-0: Ball 1-0: Ball 2-0: Ball 3-0: Foul Ball, location: 2F 3-1: Base on Balls
|
Batting: SHB Dave Bell
|
0-0: Ball 1-0: SINGLE (Line Drive, 9S) Ronald Spencer to second Runner from 2nd tries for 3rd, SAFE, throw made to third
|
Batting: LHB Michael Edwards
|
0-0: SINGLE (Groundball, 56) (infield hit) Ronald Spencer scores Dave Bell to second
|
Batting: LHB Barry Pierce
|
0-0: Ball 1-0: Foul Ball, location: 2F 1-1: Fly out, F8 (Flyball, 8RM)
|
Bottom of the 9th over - 1 run(s), 2 hit(s), 0 error(s), 2 left on base; Mississippi 7 - Wake Forest 6 |
|